AoeStats
← PiroTrix

Arabia

509776071Analyzed
1v1 RM · 4d ago on Sep 28, 2026· 49m 55s· 2 players
Game mode
Random Map
Map size
Tiny (2 player)
Population
200
Speed
Normal
Resources
Standard
Victory
Conquest
Starting age
Dark Age
Ending age
Imperial Age
RankedLock teamsTeams togetherTeam positionsShared explorationLock speedFull tech treeHidden civsTurbo modeCheats
Victory
Defeat
🇨🇦 Cumans · Canada
694
+15
🇨🇱 Franks · Chile
673
-24
PiroTrix
10:40 Feudal Age
11:37 Double-Bit Axe
17:21 Forging
19:49 Scale Barding Armor
23:01 Castle Age
22:31 Gold Mining
22:54 Man-at-Arms
24:19 Stone Mining
25:02 Bow Saw
26:25 Padded Archer Armor
26:16 Fletching
26:38 Husbandry
29:17 Town Watch
29:34 Light Cavalry
35:08 Leather Archer Armor
35:14 Chain Barding Armor
35:29 Iron Casting
36:12 Wheelbarrow
35:38 Town Patrol
44:48 Bodkin Arrow
coutts.matt12
0:53 Loom
10:51 Feudal Age
11:27 Double-Bit Axe
13:15 Town Watch
18:40 Horse Collar
19:56 Fletching
20:48 Forging
21:52 Wheelbarrow
24:04 Scale Mail Armor
24:12 Scale Barding Armor
24:13 Stone Mining
26:32 Castle Age
25:37 Gold Mining
25:49 Arson
27:25 Town Patrol
27:23 Bodkin Arrow
27:57 Hand Cart
27:53 Squires
28:42 Chain Mail Armor
28:58 Heavy Plow
30:05 Bow Saw
31:32 Iron Casting
30:27 Pikeman
36:30 Imperial Age
35:06 Chain Barding Armor
34:59 Bloodlines
35:20 Padded Archer Armor
35:58 Ballistics
35:34 Murder Holes
35:59 Steppe Husbandry
38:22 Chemistry
38:31 Two-Man Saw
37:54 Elite Skirmisher
38:39 Thumb Ring
39:00 Onager
41:04 Blast Furnace
41:01 Crop Rotation
40:41 Thumb Ring
41:57 Elite Steppe Lancer
42:18 Halberdier
Connection lost

Rejoining the realm…

Still unreachable

The connection could not be restored.

Session expired

The server has moved on; the page needs a fresh start.